[ AOE2 MATCH · #506486135 ]
UnrankedEthiopians vs Burgundians
Player's team · LOSS
[ REPLAY ANALYSIS · EXTRACTED FROM THE RECORDED GAME ]
Feudal
14:11
Castle
25:13
Imperial
—
| APM avg | 57.2 |
| APM peak | 104 |
| eAPM avg | 30.9 |
| Villagers / military | 141 / 137 |
Focus
⚔️ 29.4% · 🌾 70.6%
Camel Scout ×108 · Scout Cavalry ×16 · Militia ×8 · Battering Ram ×5
Feudal
9:53
Castle
21:19
Imperial
39:09
| APM avg | 50.8 |
| APM peak | 97 |
| eAPM avg | 23.3 |
| Villagers / military | 122 / 113 |
Focus
⚔️ 36.6% · 🌾 63.4%
Coustillier ×38 · Spearman ×36 · Archer ×11 · Knight ×9 · Monk ×7 · Trebuchet (Packed) ×6
Match map
Initial resources + every placement click. Lines = walls · curves = elevation contours. ◆ gold · ⬟ stone · ● berries · ✦ relic · ◌ wall gap
Your base· Open — opponent sealed themselves in
MelkorAJ's base· ✓ Closed at 21:19 · 43t walls · no gate
Smoothed initial terrain · ◌ = detected wall gap · hover for details
Inputs per minute
— eduv - - MelkorAJ
Build order — eduv
First 150 of 434 actions detected
| 0:01 | Create | Villager (Male) |
| 0:02 | Create | Villager (Male) |
| 0:03 | Build | House |
| 0:04 | Build | House |
| 0:16 | Create | Villager (Male) |
| 0:17 | Create | Villager (Male) |
| 0:17 | Create | Villager (Male) |
| 1:24 | Create | Villager (Male) |
| 2:00 | Create | Villager (Male) |
| 2:00 | Create | Villager (Male) |
| 2:00 | Create | Villager (Male) |
| 2:12 | Create | Villager (Male) |
| 2:13 | Create | Villager (Male) |
| 2:13 | Create | Villager (Male) |
| 2:51 | Create | Villager (Male) |
| 2:51 | Create | Villager (Male) |
| 3:26 | Create | Villager (Male) |
| 3:27 | Create | Villager (Male) |
| 3:38 | Build | House |
| 4:17 | Create | Villager (Male) |
| 4:17 | Create | Villager (Male) |
| 4:17 | Create | Villager (Male) |
| 4:18 | Create | Villager (Male) |
| 4:31 | Build | Barracks |
| 4:55 | Create | Villager (Male) |
| 4:55 | Create | Villager (Male) |
| 4:56 | Create | Villager (Male) |
| 5:23 | Build | House |
| 5:24 | Create | Militia |
| 5:25 | Create | Militia |
| 5:25 | Create | Militia |
| 5:33 | Create | Villager (Male) |
| 5:36 | Build | House |
| 5:57 | Create | Militia |
| 5:58 | Create | Villager (Male) |
| 6:22 | Build | Lumber Camp |
| 6:25 | Create | Villager (Male) |
| 6:27 | Create | Militia |
| 6:27 | Create | Militia |
| 6:27 | Create | Militia |
| 6:46 | Create | Militia |
| 7:07 | Create | Villager (Male) |
| 7:19 | Create | Villager (Male) |
| 7:19 | Create | Villager (Male) |
| 7:19 | Create | Villager (Male) |
| 7:33 | Create | Villager (Male) |
| 7:33 | Create | Villager (Male) |
| 7:33 | Create | Villager (Male) |
| 7:39 | Build | Mill |
| 7:48 | Build | House |
| 7:49 | Create | Villager (Male) |
| 7:49 | Create | Villager (Male) |
| 7:53 | Create | Villager (Male) |
| 7:53 | Create | Villager (Male) |
| 7:53 | Create | Villager (Male) |
| 8:18 | Create | Villager (Male) |
| 8:18 | Create | Villager (Male) |
| 8:18 | Create | Villager (Male) |
| 8:18 | Create | Villager (Male) |
| 8:44 | Create | Villager (Male) |
| 8:44 | Create | Villager (Male) |
| 8:50 | Create | Villager (Male) |
| 8:50 | Create | Villager (Male) |
| 9:11 | Create | Villager (Male) |
| 9:11 | Create | Villager (Male) |
| 9:11 | Create | Villager (Male) |
| 9:12 | Create | Villager (Male) |
| 9:15 | Build | House |
| 9:29 | Build | Farm |
| 9:31 | Build | Farm |
| 9:32 | Build | Farm |
| 10:02 | Create | Villager (Male) |
| 10:02 | Create | Villager (Male) |
| 10:05 | Build | Farm |
| 10:43 | Create | Villager (Male) |
| 10:48 | Build | Mining Camp |
| 11:00 | Create | Villager (Male) |
| 11:32 | Research | Loom |
| 11:32 | Research | Loom |
| 11:32 | Research | Loom |
| 11:46 | Research | Feudal Age |
| 11:46 | Research | Feudal Age |
| 11:46 | Research | Feudal Age |
| 12:21 | Create | Villager (Male) |
| 13:07 | Create | Villager (Male) |
| 13:25 | Create | Villager (Male) |
| 13:28 | Build | House |
| 13:55 | Create | Villager (Male) |
| 14:11 | Age | Feudal Age |
| 14:17 | Build | Stable |
| 14:19 | Build | Blacksmith |
| 14:24 | Research | Double-Bit Axe |
| 14:24 | Research | Double-Bit Axe |
| 14:25 | Research | Horse Collar |
| 14:25 | Research | Horse Collar |
| 14:41 | Create | Villager (Male) |
| 15:07 | Create | Villager (Male) |
| 15:10 | Create | Scout Cavalry |
| 15:10 | Create | Scout Cavalry |
| 15:11 | Research | Scale Barding Armor |
| 15:11 | Research | Scale Barding Armor |
| 15:14 | Build | Farm |
| 15:14 | Build | Farm |
| 15:14 | Build | Farm |
| 15:14 | Build | Farm |
| 15:15 | Build | Farm |
| 15:23 | Create | Villager (Male) |
| 15:42 | Create | Villager (Male) |
| 15:47 | Build | Lumber Camp |
| 15:53 | Build | Farm |
| 15:58 | Create | Scout Cavalry |
| 15:58 | Create | Villager (Male) |
| 16:04 | Build | House |
| 16:05 | Build | House |
| 16:31 | Build | Farm |
| 16:34 | Build | Farm |
| 16:36 | Build | Farm |
| 16:44 | Create | Villager (Male) |
| 16:54 | Create | Scout Cavalry |
| 16:55 | Research | Forging |
| 16:55 | Research | Forging |
| 17:04 | Build | House |
| 17:05 | Build | House |
| 17:16 | Build | Farm |
| 17:17 | Build | Farm |
| 17:18 | Build | Farm |
| 17:21 | Build | Farm |
| 17:28 | Build | House |
| 17:36 | Create | Scout Cavalry |
| 17:49 | Build | Farm |
| 17:51 | Build | Farm |
| 17:52 | Build | Farm |
| 17:54 | Build | Farm |
| 17:57 | Create | Villager (Male) |
| 18:01 | Create | Scout Cavalry |
| 18:08 | Build | Palisade Wall |
| 18:09 | Create | Villager (Male) |
| 18:09 | Create | Villager (Male) |
| 18:19 | Build | Market |
| 18:20 | Build | House |
| 18:29 | Create | Scout Cavalry |
| 18:32 | Create | Villager (Male) |
| 18:39 | Build | Farm |
| 18:40 | Build | Farm |
| 18:54 | Build | House |
| 18:55 | Build | House |
| 18:56 | Build | Palisade Wall |
| 19:12 | Create | Villager (Male) |
| 19:14 | Build | Farm |
| 19:14 | Build | Farm |
Build order — MelkorAJ
First 150 of 401 actions detected
| 0:01 | Create | Villager (Male) |
| 0:02 | Build | House |
| 0:03 | Build | House |
| 0:06 | Create | Villager (Male) |
| 0:06 | Create | Villager (Male) |
| 0:06 | Create | Villager (Male) |
| 0:06 | Create | Villager (Male) |
| 1:38 | Create | Villager (Male) |
| 1:52 | Build | Lumber Camp |
| 1:59 | Create | Villager (Male) |
| 2:29 | Create | Villager (Male) |
| 2:30 | Research | Double-Bit Axe |
| 2:31 | Research | Double-Bit Axe |
| 2:54 | Create | Villager (Male) |
| 3:17 | Create | Villager (Male) |
| 3:18 | Create | Villager (Male) |
| 3:18 | Create | Villager (Male) |
| 3:38 | Create | Villager (Male) |
| 3:53 | Build | House |
| 4:01 | Build | Palisade Wall |
| 4:10 | Create | Villager (Male) |
| 4:13 | Build | House |
| 4:38 | Create | Villager (Male) |
| 4:58 | Create | Villager (Male) |
| 5:22 | Create | Villager (Male) |
| 5:45 | Build | Mill |
| 5:51 | Create | Villager (Male) |
| 6:23 | Create | Villager (Male) |
| 6:41 | Research | Loom |
| 7:16 | Create | Villager (Male) |
| 7:20 | Build | Palisade Wall |
| 7:22 | Build | Palisade Wall |
| 7:22 | Build | Palisade Wall |
| 7:23 | Build | Palisade Wall |
| 7:23 | Build | Palisade Wall |
| 7:24 | Build | Palisade Wall |
| 7:25 | Build | Palisade Wall |
| 7:25 | Build | Palisade Wall |
| 7:28 | Build | Palisade Wall |
| 7:29 | Build | Palisade Wall |
| 7:34 | Build | House |
| 7:43 | Research | Feudal Age |
| 7:43 | Research | Feudal Age |
| 7:46 | Build | Palisade Wall |
| 7:48 | Build | Palisade Wall |
| 7:51 | Build | Palisade Wall |
| 7:54 | Build | Palisade Wall |
| 8:00 | Build | Palisade Wall |
| 8:02 | Build | Palisade Wall |
| 8:46 | Build | Barracks |
| 9:03 | Research | Horse Collar |
| 9:09 | Build | Farm |
| 9:18 | Create | Villager (Male) |
| 9:44 | Build | House |
| 9:47 | Build | House |
| 9:53 | Age | Feudal Age |
| 9:55 | Build | Archery Range |
| 10:09 | Create | Villager (Male) |
| 10:22 | Research | Bow Saw |
| 10:30 | Create | Villager (Male) |
| 10:40 | Create | Archer |
| 10:45 | Create | Villager (Male) |
| 10:50 | Build | Farm |
| 11:09 | Build | Mining Camp |
| 11:12 | Create | Villager (Male) |
| 11:22 | Create | Skirmisher |
| 11:25 | Build | Farm |
| 11:27 | Create | Villager (Male) |
| 11:38 | Create | Skirmisher |
| 11:44 | Build | Farm |
| 11:50 | Create | Skirmisher |
| 11:54 | Build | Farm |
| 12:10 | Build | Farm |
| 12:12 | Create | Villager (Male) |
| 12:25 | Build | House |
| 12:30 | Research | Wheelbarrow |
| 12:30 | Research | Wheelbarrow |
| 12:53 | Build | Farm |
| 12:54 | Build | Farm |
| 12:55 | Create | Archer |
| 13:06 | Create | Villager (Male) |
| 13:41 | Build | Blacksmith |
| 13:42 | Create | Archer |
| 13:59 | Create | Villager (Male) |
| 14:10 | Build | Farm |
| 14:11 | Build | Farm |
| 14:22 | Create | Archer |
| 14:32 | Build | House |
| 14:49 | Build | Farm |
| 14:51 | Create | Villager (Male) |
| 14:51 | Create | Villager (Male) |
| 14:59 | Create | Archer |
| 15:18 | Build | Farm |
| 15:31 | Create | Archer |
| 15:47 | Create | Villager (Male) |
| 15:47 | Create | Villager (Male) |
| 15:55 | Build | Mining Camp |
| 16:05 | Create | Archer |
| 16:14 | Research | Fletching |
| 16:20 | Build | House |
| 16:28 | Create | Villager (Male) |
| 16:42 | Create | Spearman |
| 16:58 | Build | House |
| 17:02 | Build | House |
| 17:04 | Build | House |
| 17:06 | Create | Villager (Male) |
| 17:08 | Build | Palisade Wall |
| 17:14 | Create | Archer |
| 17:14 | Create | Spearman |
| 17:20 | Create | Villager (Male) |
| 17:39 | Build | House |
| 17:48 | Build | House |
| 17:50 | Build | House |
| 18:03 | Create | Villager (Male) |
| 18:10 | Create | Archer |
| 18:30 | Build | House |
| 18:39 | Research | Castle Age |
| 18:39 | Research | Castle Age |
| 19:06 | Create | Archer |
| 19:06 | Create | Spearman |
| 19:19 | Build | Palisade Wall |
| 20:02 | Create | Villager (Male) |
| 20:36 | Build | Stable |
| 20:37 | Build | Stable |
| 20:38 | Research | Scale Barding Armor |
| 20:47 | Research | Gold Mining |
| 20:53 | Build | Farm |
| 21:14 | Build | Palisade Wall |
| 21:19 | Age | Castle Age |
| 21:21 | Research | Cavalier (upgrade) |
| 21:23 | Create | Knight |
| 21:58 | Build | Town Center |
| 22:00 | Create | Villager (Male) |
| 22:00 | Create | Villager (Male) |
| 22:02 | Create | Knight |
| 22:09 | Research | Stone Mining |
| 22:23 | Research | Chain Barding Armor |
| 22:46 | Create | Villager (Male) |
| 22:48 | Research | Two-Man Saw |
| 22:48 | Research | Two-Man Saw |
| 22:57 | Create | Knight |
| 23:10 | Build | Farm |
| 23:13 | Create | Villager (Male) |
| 23:13 | Create | Villager (Male) |
| 23:22 | Build | Farm |
| 23:33 | Create | Villager (Male) |
| 23:33 | Create | Villager (Male) |
| 23:37 | Build | Farm |
| 23:59 | Create | Knight |
| 23:59 | Create | Knight |
Match timeline
| 4:01 | MelkorAJ · wall_segment Palisade Wall x1 |
| 4:31 | eduv · first_building Barracks |
| 7:20 | MelkorAJ · wall_segment Palisade Wall x1 |
| 7:22 | MelkorAJ · wall_segment Palisade Wall x1 |
| 7:22 | MelkorAJ · wall_segment Palisade Wall x1 |
| 7:23 | MelkorAJ · wall_segment Palisade Wall x1 |
| 7:23 | MelkorAJ · wall_segment Palisade Wall x1 |
| 7:24 | MelkorAJ · wall_segment Palisade Wall x1 |
| 7:25 | MelkorAJ · wall_segment Palisade Wall x1 |
| 7:25 | MelkorAJ · wall_segment Palisade Wall x1 |
| 7:28 | MelkorAJ · wall_segment Palisade Wall x1 |
| 7:29 | MelkorAJ · wall_segment Palisade Wall x1 |
| 7:46 | MelkorAJ · wall_segment Palisade Wall x1 |
| 7:48 | MelkorAJ · wall_segment Palisade Wall x1 |
| 7:51 | MelkorAJ · wall_segment Palisade Wall x4 |
| 7:54 | MelkorAJ · wall_segment Palisade Wall x1 |
| 8:00 | MelkorAJ · wall_segment Palisade Wall x1 |
| 8:02 | MelkorAJ · wall_segment Palisade Wall x4 |
| 8:46 | MelkorAJ · first_building Barracks |
| 9:53 | MelkorAJ · age_up feudal |
| 9:55 | MelkorAJ · first_building Archery Range |
| 14:11 | eduv · age_up feudal |
| 14:17 | eduv · first_building Stable |
| 17:08 | MelkorAJ · wall_segment Palisade Wall x7 |
| 18:08 | eduv · wall_segment Palisade Wall x5 |
| 18:56 | eduv · wall_segment Palisade Wall x1 |
| 19:19 | MelkorAJ · wall_segment Palisade Wall x15 |
| 20:36 | MelkorAJ · first_building Stable |
| 20:41 | eduv · wall_segment Palisade Wall x13 |
| 21:14 | MelkorAJ · wall_segment Palisade Wall x1 |
| 21:19 | MelkorAJ · age_up castle |
| 22:30 | eduv · first_market_buy 100 food |
| 22:32 | eduv · first_market_sell 100 wood |
| 24:08 | MelkorAJ · wall_segment Palisade Wall x1 |
| 24:32 | eduv · first_building Archery Range |
| 25:13 | eduv · age_up castle |
| 25:34 | MelkorAJ · first_building Castle |
| 27:12 | MelkorAJ · first_building Monastery |
| 27:18 | MelkorAJ · wall_segment Palisade Wall x1 |
| 27:18 | MelkorAJ · wall_segment Palisade Wall x1 |
| 27:19 | MelkorAJ · wall_segment Palisade Wall x1 |
| 30:01 | MelkorAJ · wall_segment Stone Wall x12 |
| 31:34 | MelkorAJ · first_building Siege Workshop |
| 32:28 | eduv · first_building Castle |
| 36:22 | eduv · first_building Monastery |
| 36:39 | eduv · first_building Siege Workshop |
| 38:39 | MelkorAJ · wall_segment Palisade Wall x1 |
| 39:09 | MelkorAJ · age_up imperial |
| 41:19 | eduv · resign |
[ AI ANALYSIS · 1 CREDIT ]
What really happened in this match?
Wolo.gg analyzes every decision: build order, eco, micro, common mistakes by bracket. Personalized analysis on WhatsApp or Discord in 30 seconds.
Civ guide
Ethiopians
Perfil
Jugador #631884